 Dungeon Crawl Stone Soup version 0.22-b1-26-g9dbaab1 (webtiles) character file.

12345 nicolaieve the Bludgeoner (level 11, -11/132 HPs)
             Began as a Minotaur Berserker on Aug 8, 2018.
             Was a High Priest of Trog.
             Mangled by a freezing wraith (13 damage)
             ... in an ice cave.
             The game lasted 00:51:36 (8554 turns).

nicolaieve the Bludgeoner (Minotaur Berserker)      Turns: 8554, Time: 00:51:36

Health: -11/132    AC: 14    Str: 27    XL:     11   Next: 61%
Magic:  13/13      EV:  9    Int:  3    God:    Trog [*****.]
Gold:   255        SH: 22    Dex: 15    Spells: 10/10 levels left

rFire    . . .     SeeInvis +   b - +8 eveningstar of Incongruity {crush, SInv}
rCold    . . .     Gourm    .   r - +1 large shield
rNeg     . . .     Faith    .   G - +4 scale mail of the Unstoppable Souls {MR+ Int+3 Dex+4}
rPois    +         Spirit   .   (helmet restricted)
rElec    .         Reflect  .   o - +0 cloak
rCorr    .         Harm     .   t - +0 pair of gloves
MR       +++..                  x - +0 pair of boots
Stlth    ..........             (no amulet)
HPRegen  1.32/turn              C - ring of Suspected Treachery {rPois Int-4 Dex-2 Slay+3} (curse)
MPRegen  0.13/turn              (no ring)

@: berserking, regenerating, slowed
A: retaliatory headbutt, horns 2
a: Berserk, Trog's Hand, Brothers in Arms, Renounce Religion


You were in an ice cave.
You worshipped Trog.
Trog was extremely pleased with you.
You were very hungry.

You visited 1 branch of the dungeon, and saw 11 of its levels.
You also visited: Sewer and Ice Cave.

You collected 417 gold pieces.
You spent 162 gold pieces at shops.

Inventory:

Hand Weapons
 b - the +8 eveningstar of Incongruity (weapon) {crush, SInv}
   (Trog gifted it to you on level 7 of the Dungeon)

   It inflicts extra damage upon your enemies.
   It lets you see invisible.
Armour
 o - a +0 cloak (worn)
 r - a +1 large shield (worn)
 t - a +0 pair of gloves (worn)
 x - a +0 pair of boots (worn)
 G - the +4 scale mail of the Unstoppable Souls (worn) {MR+ Int+3 Dex+4}
   (You took it off a big kobold on level 9 of the Dungeon)

   It affects your intelligence (+3).
   It affects your dexterity (+4).
   It affects your resistance to hostile enchantments.
Jewellery
 C - the cursed ring of Suspected Treachery (left hand) {rPois Int-4 Dex-2 Slay+3}
   (You took it off an orc on level 9 of the Dungeon)

   [ring of dexterity]

   It affects your intelligence (-4).
   It affects your dexterity (-2).
   It affects your accuracy and damage with ranged weapons and melee attacks
   (+3).
   It protects you from poison.
   It has a curse placed upon it.
Wands
 a - a wand of random effects (29)
 h - a wand of iceblast (6)
 i - a wand of disintegration (8)
 z - a wand of digging (9)
 F - a wand of flame (12)
Scrolls
 d - a scroll of blinking
 f - 3 scrolls of enchant armour
 j - 5 scrolls of remove curse
 k - a scroll of immolation
 n - 6 scrolls of teleportation
 s - 4 scrolls of fog
 w - a scroll of amnesia {unknown}
 y - 3 scrolls of magic mapping
 A - 2 scrolls of fear
Potions
 e - 4 potions of haste
 g - 8 potions of heal wounds
 l - 2 potions of lignification
 m - a potion of mutation
 p - 2 potions of invisibility
 u - a potion of ambrosia
 v - 2 potions of flight
 B - 4 potions of curing
 D - 2 potions of agility
 E - 3 potions of degeneration
 H - a potion of cancellation
Comestibles
 c - 24 rations
 q - 2 chunks of flesh


   Skills:
 + Level 5.5 Fighting
 * Level 15.4 Maces & Flails
 + Level 4.4 Armour
 + Level 3.0 Dodging
 + Level 13.8 Shields
 - Level 5.2 Evocations


You had 10 spell levels left.
You didn't know any spells.
Your spell library was empty.

Dungeon Overview and Level Annotations

Branches:
Dungeon (11/15)            Temple (0/1) D:7            Lair (0/6) D:10
    Orc: D:9-12

Altars:
Ashenzari
Cheibriados
Fedhas
Hepliaklqana
Kikubaaqudgha
Qazlal
Sif Muna
Uskayaw
Vehumet
Yredelemnul
Zin
The Shining One

Shops:
D:8 *


Innate Abilities, Weirdness & Mutations

You reflexively headbutt those who attack you in melee.
You have a pair of horns on your head.


Message History

* * * LOW HITPOINT WARNING * * *
The freezing wraith freezes you!!
* * * LOW HITPOINT WARNING * * *
The freezing wraith hits you!
* * * LOW HITPOINT WARNING * * *
The freezing wraith drains your vigour!
You feel as though you will be slow longer.
You are too berserk!
You puncture the freezing wraith! You headbutt the freezing wraith!
The freezing wraith is severely damaged.
You block the freezing wraith's attack. x2
The freezing wraith closely misses you. You furiously retaliate!
You headbutt the freezing wraith!
You feel the power of Trog in you as your rage grows.
You destroy the freezing wraith!
Trog accepts your kill. The freezing wraith hits you.
* * * LOW HITPOINT WARNING * * *
The freezing wraith freezes you!
You die...

... ....
#..# #...#
#...# ##...#
#...# ##@W#
#..######
##.###...##
#..##.....##
#..#...#...#
#....####..#
#...## #..##
##.## ##..##
### #...##


You could see a freezing wraith.

Vanquished Creatures
  A hydra (D:9)
  Harold (D:8)
  3 two-headed ogres
  Pikel (D:8)
  An elephant (D:10)
  A centaur skeleton (D:10)
  A freezing wraith (IceCv)
  4 trolls
  Prince Ribbit (D:8)
  A hippogriff (D:10)
  2 basilisks (D:10)
  A steam dragon (D:10)
  2 hungry ghosts
  A water moccasin (D:7)
  2 orc warriors
  A hornet zombie (D:8)
  5 ice beasts (IceCv)
  A sky beast (D:7)
  4 slaves (D:8)
  An alligator simulacrum (IceCv)
  A phantom (D:6)
  A black bear (D:9)
  4 ogres
  3 centaurs
  A big kobold (D:9)
  7 bullfrogs
  4 scorpions
  An elephant simulacrum (IceCv)
  3 killer bees (D:10)
  7 wights
  3 howler monkeys
  4 crimson imps
  A bullfrog zombie (D:5)
  4 hounds
  A jelly (D:9)
  A bullfrog skeleton (D:6)
  7 orc priests
  4 iguanas
  Natasha (thrice) (D:4)
  15 orc wizards
  6 worker ants
  2 wolf simulacra (IceCv)
  A hound skeleton (D:7)
  A hound zombie (D:6)
  A mummy (D:6)
  A gnoll (D:3)
  20 adders
  2 river rats (Sewer)
  A shadow imp (D:9)
  17 white imps
  4 oozes
  2 worms (D:6)
  2 dart slugs (D:1)
  5 leopard geckos
  39 orcs
  11 ball pythons
  4 giant cockroaches
  11 goblins
  5 hobgoblins
  10 jackals
  12 kobolds
  5 quokkas
  8 bats
  8 frilled lizards
  29 rats
317 creatures vanquished.

Notes
Turn   | Place    | Note
-------+----------+-------------------------------------------
     0 | D:1      | nicolaieve the Minotaur Berserker began the quest for the Orb.
     0 | D:1      | Reached XP level 1. HP: 19/19 MP: 0/0
    22 | D:1      | Reached skill level 4 in Maces & Flails
    47 | D:1      | Reached XP level 2. HP: 26/26 MP: 1/1
   571 | D:1      | Reached skill level 5 in Maces & Flails
   594 | D:1      | Reached ** piety under Trog
   799 | D:2      | Reached XP level 3. HP: 27/31 MP: 2/2
  1663 | D:3      | Reached XP level 4. HP: 39/39 MP: 3/3
  1667 | D:3      | Reached skill level 6 in Maces & Flails
  2312 | D:4      | Found a hazy altar of Hepliaklqana.
  2354 | D:4      | Reached XP level 5. HP: 41/45 MP: 4/4
  2362 | D:4      | Reached skill level 7 in Maces & Flails
  2426 | D:4      | Found a basalt altar of Yredelemnul.
  2490 | D:4      | Found a shattered altar of Ashenzari.
  2575 | D:4      | Noticed Natasha
  2582 | D:4      | Killed Natasha
  2582 | D:4      | Reached skill level 1 in Shields
  2678 | D:4      | Noticed Natasha
  2683 | D:4      | Killed Natasha
  2698 | D:4      | Found a deep blue altar of Sif Muna.
  2775 | D:4      | Noticed Natasha
  2780 | D:4      | Killed Natasha
  2780 | D:4      | Reached skill level 8 in Maces & Flails
  2780 | D:4      | Reached XP level 6. HP: 51/51 MP: 5/5
  2802 | D:4      | Found a radiant altar of Vehumet.
  2808 | D:4      | Reached *** piety under Trog
  3019 | D:4      | Found a glowing golden altar of the Shining One.
  3019 | D:4      | Found a faded altar of an unknown god.
  3024 | D:4      | Found a stormy altar of Qazlal.
  3026 | D:4      | Found a hide-covered altar of Uskayaw.
  3027 | D:4      | Found a faded altar of an unknown god.
  3187 | D:5      | Entered Level 5 of the Dungeon
  3261 | D:5      | Reached skill level 9 in Maces & Flails
  3419 | D:5      | Reached XP level 7. HP: 56/57 MP: 6/6
  3550 | D:5      | Found a blossoming altar of Fedhas.
  4034 | D:6      | Found a glowing drain.
  4051 | D:6      | Reached skill level 5 in Shields
  4063 | Sewer    | Entered a sewer
  4178 | Sewer    | Reached **** piety under Trog
  4500 | D:6      | Reached skill level 11 in Maces & Flails
  4500 | D:6      | Reached skill level 5 in Evocations
  4500 | D:6      | Reached XP level 8. HP: 64/64 MP: 6/10
  4586 | D:6      | Found a glowing silver altar of Zin.
  4714 | D:6      | Reached XP level 9. HP: 69/70 MP: 11/11
  4753 | D:6      | Found a snail-covered altar of Cheibriados.
  5613 | D:7      | Found an ancient bone altar of Kikubaaqudgha.
  5691 | D:7      | Reached skill level 12 in Maces & Flails
  5728 | D:7      | Reached ***** piety under Trog
  5768 | D:7      | Received a gift from Trog
  5775 | D:7      | Got an ichor-stained eveningstar {god gift}
  5776 | D:7      | Identified the +8 eveningstar of Incongruity {crush, SInv} (Trog gifted it to you on level 7 of the Dungeon)
  5874 | D:7      | Found a staircase to the Ecumenical Temple.
  6154 | D:8      | Found Nogho's General Store.
  6162 | D:8      | Bought a scroll of fear for 42 gold pieces
  6162 | D:8      | Bought a potion of berserk rage for 60 gold pieces
  6162 | D:8      | Bought a scroll of noise for 12 gold pieces
  6162 | D:8      | Bought a potion of agility for 48 gold pieces
  6186 | D:8      | Noticed Prince Ribbit
  6200 | D:8      | Killed Prince Ribbit
  6395 | D:8      | Noticed a two-headed ogre
  6404 | D:8      | Killed a two-headed ogre
  6404 | D:8      | Reached skill level 13 in Maces & Flails
  6404 | D:8      | Reached XP level 10. HP: 77/77 MP: 12/12
  6480 | D:8      | Noticed Pikel
  6485 | D:8      | Killed Pikel
  6681 | D:8      | Noticed Harold
  6692 | D:8      | Killed Harold
  7026 | D:9      | Got a sparkling silver ring
  7187 | D:9      | Noticed a two-headed ogre
  7192 | D:9      | Killed a two-headed ogre
  7192 | D:9      | Reached skill level 14 in Maces & Flails
  7218 | D:9      | Got a twisted scale mail
  7224 | D:9      | Identified the +4 scale mail of the Unstoppable Souls {MR+ Int+3 Dex+4} (You took it off a big kobold on level 9 of the Dungeon)
  7415 | D:9      | Noticed a four-headed hydra
  7425 | D:9      | Killed a four-headed hydra
  7425 | D:9      | Reached XP level 11. HP: 63/85 MP: 13/13
  7451 | D:9      | Noticed a two-headed ogre
  7458 | D:9      | Killed a two-headed ogre
  7677 | D:10     | Entered Level 10 of the Dungeon
  7681 | D:10     | Found a staircase to the Lair.
  7697 | D:10     | Reached skill level 5 in Fighting
  7838 | D:10     | Reached skill level 15 in Maces & Flails
  8232 | D:10     | Identified the cursed ring of Suspected Treachery {rPois Int-4 Dex-2 Slay+3} (You took it off an orc on level 9 of the Dungeon)
  8377 | D:11     | Found a frozen archway.
  8416 | IceCv    | Entered an ice cave
  8552 | IceCv    | HP: 1/132 [freezing wraith (11)]
  8554 | IceCv    | Mangled by a freezing wraith

Skill      XL: |  1  2  3  4  5  6  7  8  9 10 11 |
---------------+----------------------------------+-----
Maces & Flails | 4 5 6 8 9 11 13 14 15 | 15.4
Shields        | 1 3 11 12 13 | 13.8
Evocations     | 5 |  5.2
Fighting       | 4 5 |  5.5
Armour         | 3 4 |  4.4
Dodging        | 3 |  3.0

Action                   |  1- 3 |  4- 6 |  7- 9 | 10-12 || total
-------------------------+-------+-------+-------+-------++-------
Melee: Mace              |    69 |    77 |       |       ||   146
       Headbutt          |    12 |    26 |    78 |    44 ||   160
       Whip              |       |    69 |   337 |       ||   406
       Eveningstar       |       |       |    34 |   235 ||   269
Invok: Berserk           |       |     7 |     9 |     7 ||    23
       Trog's Hand       |       |       |       |     2 ||     2
  Use: Scroll            |       |       |    18 |     4 ||    22
       Potion            |       |       |     1 |       ||     1
 Stab: Sleeping          |     1 |       |       |       ||     1
       Distracted        |       |       |       |     1 ||     1
  Eat: Chunk             |     2 |    12 |    18 |    16 ||    48
Armor: Animal skin       |     7 |       |       |       ||     7
       Leather armour    |     5 |       |       |       ||     5
       Scale mail        |     3 |    41 |    65 |    55 ||   164
       Plate armour      |       |       |    34 |    20 ||    54
Dodge: Dodged            |    55 |    62 |    44 |    46 ||   207
Block: Large shield      |       |    39 |   271 |   238 ||   548
